 Dungeon Crawl Stone Soup version 0.32-a0-656-g3542139ebd (webtiles) character file.

Game seed: 14030516903537114817

525 ytrimaz the Ruffian (level 6, 0/76 HPs)
             Began as a Demigod Shapeshifter on Mar 8, 2024.
             Slain by a gnoll
             ... wielding a +0 spear
             ... led by a gnoll sergeant
              (7 damage)
             ... on level 4 of the Dungeon.
             The game lasted 00:03:02 (2575 turns).

ytrimaz the Ruffian (Demigod Shapeshifter)          Turns: 2575, Time: 00:03:02

Health: 0/76       AC:  9    Str: 29    XL:     6   Next: 71%
Magic:  8/8        EV: 12    Int: 17    God:
Gold:   192        SH:  0    Dex: 13    Spells: 5/5 levels left

rFire   . . .        l - +6 rapier of Ymuceyre {protect, Int+5}
rCold   . . .        (no shield)
rNeg    . . .        a - +0 animal skin
rPois   .            (helmet currently unavailable)
rElec   .            (cloak currently unavailable)
rCorr   .            (gloves currently unavailable)
SInv    .            (boots currently unavailable)
Will    .....        (no amulet) Stlth
                     b - +6 ring of strength
HPRegen 0.32/turn    (no ring)
MPRegen 0.11/turn

%: no passive effects
@: berserking (expiring), beast-form, under a protective aura, very quick
A: beast (slay +2), high MP 1, forlorn, divine attributes
a: Begin Untransformation


You were on level 4 of the Dungeon.
You were a hulking beast.
You visited 1 branch of the dungeon, and saw 4 of its levels.

You collected 192 gold pieces.


Innate Abilities, Weirdness & Mutations

You are a hulking beast.
Your limbs bulge with bestial killing power. (Slay +2)
You have an increased reservoir of magic. (+10% MP)
You shall have no god before yourself.
Your divine heritage dramatically boosts your attributes as you level up.


   Skills:
 - Level 3.0 Fighting
 - Level 3.0 Dodging
 + Level 5.3 Unarmed Combat
 + Level 3.8 Shapeshifting


You had 5 spell levels left.
You didn't know any spells.
Your spell library was empty.

Inventory:

Hand Weapons
 l - the +6 rapier of Ymuceyre (weapon) {protect, Int+5}
   (You found it on level 4 of the Dungeon)

   Int+5:     It affects your intelligence (+5).
Missiles
 h - 2 throwing nets (quivered)
Armour
 a - a +0 animal skin (worn)
Jewellery
 b - a +6 ring of strength (left hand)
   (You found it on level 1 of the Dungeon)
Talismans
 c - a beast talisman (active)
 d - a flux talisman
Scrolls
 k - 4 scrolls of identify
Potions
 f - a potion of attraction {unknown}
 g - a potion of haste {unknown}
 i - a potion of heal wounds {unknown}
 j - a potion of invisibility {unknown}

Dungeon Overview and Level Annotations

Branches:
Dungeon (4/15) Zot: 21426
 Temple: D:4-7

#######################.#.#
############### #.#.# ####
############### #.#.# ...#
####......#######.#.####### ...##
####...≈≈≈≈≈≈≈≈≈#.#........
....######...≈##≈≈≈##≈#.#.#######
.....#####...≈#######≈#.#.## #
...#.#####...≈≈#g..#≈≈#.#..######
...#....##....))h.?#≈≈#.#.......#
.............≈≈#...#≈≈.)))>..##.#
.............≈#######≈#.#..#.#<.#
#............≈##≈≈≈##≈#.#..#.#..#
#..........##≈≈≈≈≈≈≈≈≈#.##.#.#..#
#....##..÷.#....######.........##
#....##.........######...........
#....##........................##
#######.........................#


You could see a gnoll.


Message History

You take 1 damage, and now have 50/51 hp.
You puncture the kobold!
Your weapon exudes an aura of protection.
You kill the kobold!
No target in view!
Things that are here:
a +0 short sword; a kobold corpse Unknown command.
No target in view! 😎 HP[+1]
Your hp is fully restored (51).
Things that are here:
a +0 short sword; a kobold corpse You see here a hobgoblin skeleton.
There is an open door here.
There is an opulent altar of Gozag here.
Key pressed, stopping explore.
There is an open door here.
You open the door.
A gnoll sergeant and 3 gnolls come into view.
The gnoll shouts! x3
The gnoll hits you from afar with a +0 spear! x2 😮 HP[-15]
You take 15 damage, and now have 36/51 hp.
MASSIVE DAMAGE!! (PAUSE) 😮 HP[+1]
Okay, then.
The gnoll sergeant hits you with a +0 trident.
The gnoll closely misses you.
Unknown command. 😮 HP[-5]
You take 5 damage, and now have 32/51 hp.
You hit the gnoll sergeant but do no damage.
Your weapon exudes an aura of protection.
The gnoll sergeant hits you with a +0 trident!
* * * LOW HITPOINT WARNING * * *
The gnoll closely misses you.
The gnoll sergeant hits you with a +0 trident.
* * * LOW HITPOINT WARNING * * *
The gnoll hits you from afar with a +0 halberd.
* * * LOW HITPOINT WARNING * * *
😨 HP[-12]
You take 12 damage, and now have 20/51 hp.
MASSIVE DAMAGE!! (PAUSE)
You hit the gnoll sergeant. The gnoll sergeant closely misses you.
The gnoll hits you from afar with a +0 halberd.
* * * LOW HITPOINT WARNING * * *
😨 HP[-1]
You take 1 damage, and now have 19/51 hp.
Unknown command.
As you read the scroll labelled NEOCINNA REOTH, it crumbles to dust.
You feel aware of your surroundings.
It was a scroll of revelation.
The gnoll sergeant closely misses you. The gnoll closely misses you.
A red film seems to cover your vision as you go berserk!
You feel yourself moving faster!
You feel mighty! The gnoll sergeant misses you. The gnoll misses you. 😨 HP[+10]
You now have 76 max hp (+25).
You regained 10 hp, and now have 29/76 hp.
You puncture the gnoll sergeant!
The gnoll sergeant hits you with a +0 trident!
* * * LOW HITPOINT WARNING * * *
The gnoll hits you from afar with a +0 halberd!
* * * LOW HITPOINT WARNING * * *
Unknown command. 😱 HP[-15]
You take 15 damage, and now have 14/76 hp.
You barely miss the gnoll sergeant. You puncture the gnoll sergeant!
You kill the gnoll sergeant!
The gnoll hits you from afar with a +0 halberd.
* * * LOW HITPOINT WARNING * * *
😱 HP[-2]
You take 2 damage, and now have 12/76 hp.
Unknown command.
The gnoll hits you but does no damage. The gnoll barely misses you.
The gnoll hits you from afar with a +0 spear.
* * * LOW HITPOINT WARNING * * *
Things that are here:
a +0 trident; a +0 scale mail; a gnoll corpse 😱 HP[-2]
You take 2 damage, and now have 10/76 hp.
You puncture the gnoll!
You kill the gnoll!
The gnoll hits you from afar with a +0 spear.
* * * LOW HITPOINT WARNING * * *
The gnoll misses you. 😱 HP[-4]
You take 4 damage, and now have 6/76 hp.
Unknown command.
There is an open door, spattered with blood here.
Things that are here:
a +0 halberd; a gnoll corpse You puncture the gnoll!
You kill the gnoll!
The gnoll barely misses you. 😱 HP[+1] Unknown command.
The gnoll hits you with a +0 spear!
You die...

Skill      XL: |  1  2  3  4  5  6 |
---------------+-------------------+-----
Fighting       | 1 2 3 |  3.0
Dodging        | 2 3 |  3.0
Unarmed Combat | 3 4 5 |  5.3
Shapeshifting  | 3 |  3.8

Action                     |  1- 3 |  4- 6 || total
---------------------------+-------+-------++-------
  Melee: Unarmed           |   128 |    88 ||   216
         Punch             |     2 |     4 ||     6
         Rapier            |       |    42 ||    42
    Use: Potion            |     2 |     1 ||     3
         Scroll            |     4 |     1 ||     5
   Stab: Sleeping          |     4 |       ||     4
 Armour: Skin              |    43 |       ||    43
         Animal skin       |    52 |    92 ||   144
  Dodge: Dodged            |    65 |    83 ||   148

Levels and vault maps discovered:
D:1:      dpeg_arrival_windows_large_door, layout_rooms,
          hangedman_decor_diamond_cutter
D:2:      layout_basic, minmay_misc_feat_rugged
D:3:      layout_basic, shapermc_ecumenical_altar_ellora
D:4:      layout_basic, kennysheep_mini, mainiacjoe_overflow_surrounded_room,
          lightli_minifort, uniq_blork_the_orc, uniq_robin

Notes
Turn   | Place    | Note
-------+----------+-------------------------------------------
     0 | D:1      | ytrimaz the Demigod Shapeshifter began the quest for the
                  | Orb.
     0 | D:1      | Reached XP level 1. HP: 15/15 MP: 3/3
     0 | D:1      | magus.rc [v1.9.6]
    21 | D:1      | Reached skill level 1 in Fighting
    41 | D:1      | Reached skill level 2 in Dodging
    48 | D:1      | Reached XP level 2. HP: 17/23 MP: 4/4
   314 | D:1      | Reached skill level 3 in Unarmed Combat
   745 | D:2      | Reached XP level 3. HP: 29/29 MP: 5/5
   908 | D:2      | Reached skill level 2 in Fighting
  1238 | D:3      | HP: 7/29 [goblin/+0 club (1)]
  1459 | D:3      | You fall into a shaft and drop 1 floor!
  1487 | D:4      | Noticed a black bear
  1499 | D:4      | Reached XP level 4. HP: 20/36 MP: 6/6
  1504 | D:4      | Killed a black bear
  1505 | D:4      | Reached skill level 3 in Fighting
  1505 | D:4      | Reached skill level 3 in Dodging
  1505 | D:4      | Reached XP level 5. HP: 17/45 MP: 7/7
  1507 | D:4      | HP: 8/45 [hobgoblin (4)]
  1511 | D:4      | Reached skill level 4 in Unarmed Combat
  1516 | D:4      | HP: 10/45 [ball python (2)]
  1518 | D:4      | HP: 4/45 [constriction (1)]
  1750 | D:4      | Identified the +6 rapier of Ymuceyre {protect, Int+5}
  1790 | D:4      | Noticed Robin
  1826 | D:4      | Killed Robin
  1923 | D:4      | Reached skill level 3 in Shapeshifting
  1923 | D:4      | Reached XP level 6. HP: 14/51 MP: 8/8
  2363 | D:4      | Noticed Blork the orc
  2373 | D:4      | Killed Blork the orc
  2374 | D:4      | Reached skill level 5 in Unarmed Combat
  2568 | D:4      | HP: 14/76 [gnoll/+0 halberd[a gnoll sergeant] (8)]
  2572 | D:4      | HP: 6/76 [gnoll/+0 spear[a gnoll sergeant] (4)]
  2575 | D:4      | Slain by a gnoll

Vanquished Creatures
  A black bear (D:4)
  A phantom (D:4)
  Blork the orc (D:4)
  A gnoll sergeant (D:4)
  A hound (D:4)
  An iguana (D:4)
  Robin (D:4)
  2 adders
  6 gnolls (D:4)
  2 dart slugs
  A ribbon worm (D:2)
  5 orcs
  2 endoplasms
  5 giant cockroaches
  17 goblins
  10 hobgoblins
  A quokka (D:4)
  10 ball pythons
  A bat (D:3)
  3 frilled lizards
  6 kobolds
  8 rats
86 creatures vanquished.

Table legend:
 A = Non-vault XP
 B = Vault XP
 C = Vault XP percentage of total XP
 D = Non-vault monster count
 E = Vault monster count
 F = Vault count percentage of total count
                 A         B        C        D         E       F
            +---------+---------+-------+---------+---------+-------
      Total |     502 |     249 |  33.2 |      69 |      17 |  19.8
            +---------+---------+-------+---------+---------+-------
        D:1 |      42 |       0 |   0.0 |      26 |       0 |   0.0
        D:2 |      29 |       0 |   0.0 |       9 |       0 |   0.0
        D:3 |      14 |       0 |   0.0 |       9 |       0 |   0.0
        D:4 |     417 |     249 |  37.4 |      25 |      17 |  40.5
            +---------+---------+-------+---------+---------+-------

Skill      XL: |  1  2  3  4  5  6 |
---------------+-------------------+-----
Fighting       | 1 2 3 |  3.0
Dodging        | 2 3 |  3.0
Unarmed Combat | 3 4 5 |  5.3
Shapeshifting  | 3 |  3.8

Action                     |  1- 3 |  4- 6 || total
---------------------------+-------+-------++-------
  Melee: Unarmed           |   128 |    88 ||   216
         Punch             |     2 |     4 ||     6
         Rapier            |       |    42 ||    42
    Use: Potion            |     2 |     1 ||     3
         Scroll            |     4 |     1 ||     5
   Stab: Sleeping          |     4 |       ||     4
 Armour: Skin              |    43 |       ||    43
         Animal skin       |    52 |    92 ||   144
  Dodge: Dodged            |    65 |    83 ||   148

Illustrated notes

Table legend:
 A = Kills in this place as a percentage of kills in the entire game.
 B = Kills by you in this place as a percentage of kills by you in the entire game.
 C = Kills by friends in this place as a percentage of kills by friends in the entire game.
 D = Other kills in this place as a percentage of other kills in the entire game.
 E = Experience gained in this place as a percentage of experience gained in the entire game.
 F = Experience gained in this place divided by the number of levels of this place that you have seen.
                   A       B       C       D       E      F
               +-------+-------+-------+-------+-------+----------------------
         Total | 100.0 | 100.0 |   N/A |   N/A | 100.0 | 187.8
       Dungeon | 100.0 | 100.0 |   N/A |   N/A | 100.0 | 187.8
               +-------+-------+-------+-------+-------+----------------------

Table legend: (Time is in decaauts)
 A = Elapsed time spent in this place.
 B = Non-inter-level travel time spent in this place.
 C = Inter-level travel time spent in this place.
 D = Time resting spent in this place.
 E = Time spent auto-exploring this place.
 F = Levels seen in this place.
 G = Mean time per level.
                   A        B        C        D        E       F      G
               +--------+--------+--------+--------+--------+-----+--------+
         Total |   2572 |   2506 |     66 |    199 |   1755 |   4 |  643.0 |
       Dungeon |   2572 |   2506 |     66 |    199 |   1755 |   4 |  643.0 |
               +--------+--------+--------+--------+--------+-----+--------+

Top non-repeatable levels by time:
     D:4: 1121 daAuts
     D:1: 654 daAuts
     D:2: 551 daAuts
     D:3: 246 daAuts
